 Dungeon Crawl Stone Soup version 0.28-b1-25-g9875b3fc8c (webtiles) character file.

Game seed: 10142800158086516137

321 Xoff the Shield-Bearer (level 6, -3/53 HPs)
             Began as a Gnoll Fighter on Feb 5, 2022.
             Was a Priest of Jiyva.
             Slain by a white imp (4 damage)
             ... on level 4 of the Dungeon.
             The game lasted 00:06:12 (2106 turns).

Xoff the Shield-Bearer (Gnoll Fighter)              Turns: 2106, Time: 00:06:13

Health: -3/53      AC:  7    Str: 24    XL:     6   Next: 46%
Magic:  9/9        EV: 10    Int:  9    God:    Jiyva [***...]
Gold:   84         SH:  5    Dex: 11    Spells: 9/9 levels left

rFire   . . .      SeeInvis .   h - +1 dagger (venom)
rCold   . . .      Faith    .   c - +0 buckler
rNeg    . . .      Spirit   .   b - +0 scale mail
rPois   .          Reflect  .   (no helmet)
rElec   .          Harm     .   (no cloak)
rCorr   +          Rampage  .   (no gloves)
Will    .....                   (no boots)
Stlth   +.........              (no amulet)
HPRegen 1.29/turn               g - +6 ring of strength
MPRegen 0.46/turn               (no ring)

@: mighty
A: fangs 1, strong nose, distributed training, hooves 1, clever 1, translucent
skin 2
a: Renounce Religion, Oozemancy


You were on level 4 of the Dungeon.
You worshipped Jiyva.
Jiyva was most pleased with you.
You visited 1 branch of the dungeon, and saw 4 of its levels.

You collected 84 gold pieces.

Inventory:

Hand Weapons
 a - a +0 long sword
 h - a +1 dagger of venom (weapon)
Missiles
 e - 71 stones (quivered)
Armour
 b - a +0 scale mail (worn)
 c - a +0 buckler (worn)
Jewellery
 g - a +6 ring of strength (left hand)
Wands
 i - a wand of flame (15)
Scrolls
 j - a scroll of fear {unknown}
 n - a scroll of amnesia {unknown}
Potions
 l - a potion of ambrosia {unknown}
 m - a potion of cancellation {unknown}


   Skills:
 + Level 6.8 Fighting
 + Level 2.0 Short Blades
 + Level 5.0 Long Blades
 + Level 2.0 Axes
 + Level 2.0 Maces & Flails
 + Level 2.0 Polearms
 + Level 2.0 Staves
 + Level 2.0 Slings
 + Level 2.0 Bows
 + Level 2.0 Crossbows
 + Level 2.0 Throwing
 + Level 6.8 Armour
 + Level 2.0 Dodging
 + Level 2.0 Stealth
 + Level 6.8 Shields
 + Level 2.0 Unarmed Combat
 + Level 2.0 Spellcasting
 + Level 1.5 Conjurations
 + Level 1.5 Hexes
 + Level 1.5 Summonings
 + Level 1.5 Necromancy
 + Level 1.5 Translocations
 + Level 1.5 Transmutations
 + Level 1.5 Fire Magic
 + Level 1.5 Ice Magic
 + Level 1.5 Air Magic
 + Level 1.5 Earth Magic
 + Level 1.5 Poison Magic
 + Level 2.2 Invocations
 + Level 2.0 Evocations


You had 9 spell levels left.
You didn't know any spells.
Your spell library contained the following spells:

 Spells                   Type           Power      Damage    Failure   Level
 Iskenderun's Battlesphe  Conj           3%         2d6       100%        5
 Iron Shot                Conj/Erth      1%         9d1       100%        6
 Spellforged Servitor     Conj/Summ      1%         N/A       100%        7


Dungeon Overview and Level Annotations

Branches:
Dungeon (4/15)
 Temple: D:4-7

Altars:
Hepliaklqana
Yredelemnul
Jiyva


Innate Abilities, Weirdness & Mutations

You have very sharp teeth.
Your uncanny sense of smell can sniff out nearby items.
Your experience applies equally to all skills.
You have large cloven feet.
Your mind is acute. (Int +2)
Your translucent skin reduces your foes' accuracy. (Stealth+)


Message History

The white imp barely misses you.
You barely miss the iguana. You bite the iguana, but do no damage.
The iguana is lightly wounded.
You hear the slow rusting of a drain very nearby.
The iguana bites you! The white imp gestures at you.
The puff of frost hits you.
You hit the white imp but do no damage. You block the iguana's attack.
You closely miss the white imp. Your bite misses the white imp.
The white imp gestures at you. The puff of frost hits you.
* * * LOW HITPOINT WARNING * * *
You hear a distant slurping noise. x2
The iguana bites you but does no damage.
You feel very mighty all of a sudden. The white imp gestures at you.
You block the puff of frost. The iguana closely misses you.
You barely miss the white imp. You block the white imp's attack.
You hit the white imp.
The white imp is poisoned.
The white imp is heavily wounded.
The iguana bites you!
* * * LOW HITPOINT WARNING * * *
You block the white imp's attack.
You hear a distant slurping noise.
Unknown command.
The white imp hits you.
* * * LOW HITPOINT WARNING * * *
The white imp freezes you.
* * * LOW HITPOINT WARNING * * *
Okay, then.
Unknown command.
It was a potion of mutation.
You feel extremely strange.
You feel less resistant to poisons.
Your skin's transparency fades.
Your feet thicken and deform.
You feel clever.
The iguana looks more healthy.
The iguana bites you.
* * * LOW HITPOINT WARNING * * *
The white imp hits you.
* * * LOW HITPOINT WARNING * * *
The white imp freezes you.
You die...

,,,,,,,,#.#.,,,,***,...,,,,,,**,,
***,,,**#...,,,.####..),***,,*,,,
,,+,,,**.....,,.?......,**,,,**,,
***,,,,*.....,*.?....,,.#*,,**,,,
,,,,**,,......##....,,,.**,**,,,,
,,,***,,......#...#,,,.###,,****,
,,**,*,,.........#*,,....(,**,,**
,,**,,,,.......l.####......*,,,,*
,,,,,,,,.......5@##.......#*,⌠,_*
,,,*,,,,.....>......#,**..#,,,,,*
,,,*,,,,........##..#,,,..#,,,,**
,,**,,,,........###.##,...+,,,8*,
,,***,,,.#.......#...##...#,,,,**
,,,,*,***####.............#,,,,,*
,,,,,,*****,..##..###.#.#.##,⌠,_*
,**,,,,,,**.#.#######.#....#,,,,*
***,,,,,,,,,,,.§§...§......##,,**


You could see an iguana and a white imp (very poisoned).

Vanquished Creatures
  Sigmund (D:2)
  An iguana (D:4)
  7 adders
  A worm (D:2)
  2 dart slugs
  An orc (D:3)
  3 giant cockroaches
  6 goblins
  4 hobgoblins (D:1)
  12 jackals
  4 kobolds
  5 ball pythons
  5 bats
  5 frilled lizards
  7 rats
64 creatures vanquished.

Vanquished Creatures (others)
  An orc priest (D:4)
  A worm (D:4)
  A dart slug (D:3)
  A bat (D:3)
  A giant cockroach (D:3)
  A goblin (D:3)
  A ball python (D:1)
  2 frilled lizards
9 creatures vanquished.

Grand Total: 73 creatures vanquished

Notes
Turn   | Place    | Note
-------+----------+-------------------------------------------
     0 | D:1      | Xoff the Gnoll Fighter began the quest for the Orb.
     0 | D:1      | Reached XP level 1. HP: 23/23 MP: 1/1
    90 | D:1      | Reached XP level 2. HP: 27/29 MP: 2/2
   236 | D:1      | Reached XP level 3. HP: 18/35 MP: 3/3
   437 | D:1      | Found a faded altar of an unknown god.
   453 | D:1      | Prayed at the altar of an unknown god.
   453 | D:1      | Became a worshipper of Jiyva Jute the Shapeless
   453 | D:1      | Reached * piety under Jiyva
   827 | D:1      | Reached ** piety under Jiyva
   910 | D:2      | Reached skill level 1 in Invocations
   979 | D:2      | Reached skill level 1 in Short Blades
   979 | D:2      | Reached skill level 1 in Axes
   979 | D:2      | Reached skill level 1 in Maces & Flails
   979 | D:2      | Reached skill level 1 in Polearms
   979 | D:2      | Reached skill level 1 in Staves
   979 | D:2      | Reached skill level 1 in Slings
   979 | D:2      | Reached skill level 1 in Bows
   979 | D:2      | Reached skill level 1 in Crossbows
   979 | D:2      | Reached skill level 1 in Throwing
   979 | D:2      | Reached skill level 1 in Dodging
   979 | D:2      | Reached skill level 1 in Stealth
   979 | D:2      | Reached skill level 1 in Unarmed Combat
   979 | D:2      | Reached skill level 1 in Spellcasting
   979 | D:2      | Reached skill level 1 in Evocations
   979 | D:2      | Reached XP level 4. HP: 41/41 MP: 5/5
  1070 | D:2      | Noticed Sigmund
  1088 | D:2      | Killed Sigmund
  1089 | D:2      | Reached skill level 1 in Conjurations
  1089 | D:2      | Reached skill level 1 in Hexes
  1089 | D:2      | Reached skill level 1 in Summonings
  1089 | D:2      | Reached skill level 1 in Necromancy
  1089 | D:2      | Reached skill level 1 in Translocations
  1089 | D:2      | Reached skill level 1 in Transmutations
  1089 | D:2      | Reached skill level 1 in Fire Magic
  1089 | D:2      | Reached skill level 1 in Ice Magic
  1089 | D:2      | Reached skill level 1 in Air Magic
  1089 | D:2      | Reached skill level 1 in Earth Magic
  1089 | D:2      | Reached skill level 1 in Poison Magic
  1089 | D:2      | Reached XP level 5. HP: 35/47 MP: 5/7
  1096 | D:2      | Reached XP level 6. HP: 47/53 MP: 8/8
  1316 | D:2      | Found a basalt altar of Yredelemnul.
  1709 | D:3      | Reached *** piety under Jiyva
  1755 | D:3      | Gained mutation: Your translucent skin slightly reduces
                  | your foes' accuracy. (Stealth+) [Jiyva's grace]
  1755 | D:3      | Gained mutation: Your translucent skin reduces your foes'
                  | accuracy. (Stealth+) [Jiyva's grace]
  1755 | D:3      | Gained mutation: Your transparent skin significantly
                  | reduces your foes' accuracy. (Stealth+) [Jiyva's grace]
  1755 | D:3      | Gained mutation: Your system is resistant to poisons.
                  | (rPois) [Jiyva's grace]
  2057 | D:4      | Reached skill level 5 in Long Blades
  2073 | D:4      | Found a hazy altar of Hepliaklqana.
  2106 | D:4      | Lost mutation: Your system is resistant to poisons. (rPois)
                  | [potion of mutation]
  2106 | D:4      | Lost mutation: Your transparent skin significantly reduces
                  | your foes' accuracy. (Stealth+) [potion of mutation]
  2106 | D:4      | Gained mutation: You have large cloven feet. [potion of
                  | mutation]
  2106 | D:4      | Gained mutation: Your mind is acute. (Int +2) [potion of
                  | mutation]
  2106 | D:4      | HP: 2/53 [iguana (4)]
  2106 | D:4      | Slain by a white imp

Illustrated notes

Levels and vault maps discovered:
D:1:      tarquinn_simple_flora_water_f, layout_basic,
          nicolae_ecumenical_snake_handling, st_stairs_9
D:2:      layout_basic, basic_altar, uniq_sigmund
D:3:      layout_rooms, chequers_garden
D:4:      layout_cave_pools, mainiacjoe_overflow_cross_hatched,
          mainiacjoe_overflow_surrounded_room,
          mainiacjoe_overflow_catwalk_spiral, gammafunk_temple_overflow_pools,
          cheibrodos_sewer_entry_drain, serial_shops, nicolae_stop_n_shop_2

Skill      XL: |  1  2  3  4  5  6 |
---------------+-------------------+-----
Invocations    | 1 2 |  2.2
Short Blades   | 1 2 |  2.0
Axes           | 1 2 |  2.0
Maces & Flails | 1 2 |  2.0
Polearms       | 1 2 |  2.0
Staves         | 1 2 |  2.0
Slings         | 1 2 |  2.0
Bows           | 1 2 |  2.0
Crossbows      | 1 2 |  2.0
Throwing       | 1 2 |  2.0
Dodging        | 1 2 |  2.0
Stealth        | 1 2 |  2.0
Unarmed Combat | 1 2 |  2.0
Spellcasting   | 1 2 |  2.0
Evocations     | 1 2 |  2.0
Conjurations   | 1 |  1.5
Hexes          | 1 |  1.5
Summonings     | 1 |  1.5
Necromancy     | 1 |  1.5
Translocations | 1 |  1.5
Transmutations | 1 |  1.5
Fire Magic     | 1 |  1.5
Ice Magic      | 1 |  1.5
Air Magic      | 1 |  1.5
Earth Magic    | 1 |  1.5
Poison Magic   | 1 |  1.5
Long Blades    | 5 |  5.0
Fighting       | |  6.8
Armour         | |  6.8
Shields        | |  6.8

Action                   |  1- 3 |  4- 6 || total
-------------------------+-------+-------++-------
Melee: Long sword        |   100 |     3 ||   103
       Bite              |     2 |    19 ||    21
       Dagger            |       |   106 ||   106
  Use: Potion            |       |     2 ||     2
       Scroll            |       |     1 ||     1
Armor: Scale mail        |    57 |    26 ||    83
Dodge: Dodged            |    61 |    58 ||   119
Block: Buckler           |    38 |    32 ||    70
